 Dungeon Crawl Stone Soup version 0.32-a0-886-g41c5271027 (webtiles) character file.

Game seed: 4183482771187634476

3226 Autsider the Geomancer (level 9, -3/57 HPs)
             Began as a Gargoyle Earth Elementalist on Apr 2, 2024.
             Was a Follower of Vehumet.
             Slain by an orc knight
             ... wielding a +0 war axe
              (14 damage)
             ... in a bailey.
             The game lasted 00:18:43 (6934 turns).

Autsider the Geomancer (GrEE)                       Turns: 6934, Time: 00:18:43

Health: -3/57      AC: 17    Str: 12    XL:     9   Next: 98%
Magic:  12/12      EV: 15    Int: 20    God:    Vehumet [*.....]
Gold:   351        SH:  4    Dex: 14    Spells: 3/12 levels left

rFire   . . .        j - staff "Rutoeh" {rN+ Dex+4 Stlth+ Conj}
rCold   . . .        u - +0 buckler
rNeg    + + .        D - +0 leather armour
rPois   ∞            t - +2 helmet
rElec   +            B - +0 cloak
rCorr   .            (no gloves)
SInv    .            (no boots)
Will    .....        z - amulet of magic regeneration
Stlth   +++          i - +4 ring of protection
HPRegen 0.29/turn    f - +5 ring of evasion
MPRegen 0.53/turn

%: no passive effects
@: hasted, very quick
A: sickness immunity, AC +6, negative energy resistance 1, electricity
resistance, torment resistance 1, petrification resistance
a: Renounce Religion


You were in a bailey.
You worshipped Vehumet.
Vehumet was aware of your devotion.
You visited 2 branches of the dungeon, and saw 9 of its levels.
You also visited: Bailey.

You collected 351 gold pieces.

Inventory:

Hand Weapons
 d - a +0 whip
Missiles
 m - 26 poisoned darts
 q - a throwing net
Armour
 a - a +0 robe
 t - a +2 helmet (worn)
 u - a +0 buckler (worn)
 B - a +0 cloak (worn)
 D - a +0 leather armour (worn)
Magical Staves
 j - the staff "Rutoeh" (weapon) {rN+ Dex+4 Stlth+ Conj}
   (You acquired it on level 6 of the Dungeon)

   [staff of conjuration]

   Base accuracy: +5 Base damage: 5 Base attack delay: 1.2 This weapon's minimum
   attack delay (0.6) is reached at skill level 12.
   Dex+4:     It affects your dexterity (+4).
   rN+:       It protects you from negative energy.
   Stlth+:    It makes you more stealthy.
   Conj:      It increases the power of your Conjurations spells.
   It falls into the 'Staves' category.
   It is a one-handed weapon.
 F - a staff of cold
Jewellery
 f - a +5 ring of evasion (right hand)
 i - a +4 ring of protection (left hand)
 l - an amulet of reflection
 p - a ring of willpower
 v - a ring of protection from cold
 z - an amulet of magic regeneration (around neck)
 C - a +4 ring of protection
Wands
 r - a wand of paralysis (10)
Scrolls
 e - a scroll of immolation
 h - a scroll of blinking
 n - 3 scrolls of teleportation {@r2}
 o - 2 scrolls of fog
 y - 2 scrolls of revelation
Potions
 b - 3 potions of magic
 c - a potion of curing {unknown}
 g - 2 potions of brilliance
 k - 4 potions of haste
 s - 2 potions of cancellation
 w - 2 potions of mutation
 x - a potion of degeneration {unknown}
 A - 2 potions of invisibility {unknown}
 E - a potion of heal wounds {unknown}


   Skills:
 + Level 7.1 Fighting
 + Level 2.3 Armour
 + Level 2.7 Dodging
 - Level 2.1 Stealth
 + Level 2.2 Spellcasting
 + Level 7.3 Conjurations
 + Level 11.4 Earth Magic


You had 3 spell levels left.
You knew the following spells:

 Your Spells              Type           Power      Damage    Failure   Level
a - Sandblast             Erth           96%        2d20      1%          1
b - Stone Arrow           Conj/Erth      100%       3d13      1%          3
c - Lee's Rapid Deconstr  Erth           24%        3d13*     7%          5

Your spell library contained the following spells:

 Spells                   Type           Power      Damage    Failure   Level
 Freeze                   Ice            8%         1d3       28%         1
 Passwall                 Erth           48%        N/A       1%          3
 Foxfire                  Conj/Fire      100%       2x1d9     6%          1
 Sigil of Binding         Hex            2%         N/A       65%         3
 Tukima's Dance           Hex            2%         N/A       65%         3
 Brom's Barrelling Bould  Conj/Erth      56%        2d7       6%          4
 Animate Armour           Summ/Erth      50%        N/A       26%         4
 Petrify                  Alch/Erth      25%        N/A       26%         4
 Iskenderun's Mystic Bla Conj/Tloc 25%            2d7        (+2d3     54%         4
 Borgnjor's Vile Clutch   Necr/Erth      12%        N/A       58%         5
 Dimensional Bullseye     Hex/Tloc       1%         N/A       96%         4
 Summon Lightning Spire   Summ/Air       2%         N/A       96%         4
 Alistair's Intoxication  Alch           1%         N/A       100%        5
 Death Channel            Necr           1%         N/A       100%        6
 Eringya's Noxious Bog    Alch           1%         4d6       100%        6
 Plasma Beam              Fire/Air       1%         2x1d11    100%        6
 Sculpt Simulacrum        Ice/Alch       1%         N/A       100%        6
 Starburst                Conj/Fire      12%        6d5       100%        6


Dungeon Overview and Level Annotations

Branches:
Dungeon (8/15)             Temple (1/1) D:7          Bailey (1/1)
   Lair: D:8-11

Altars:
Ashenzari
Dithmenos
Elyvilon
Gozag
Hepliaklqana
Kikubaaqudgha
Makhleb
Nemelex Xobeh
Qazlal
Ru
Sif Muna
Trog
Uskayaw
Vehumet
Yredelemnul
Zin
The Shining One

Shops:
D:6 *

Annotations:
D:5 3 runed translucent doors, exclusion: 2 downstairs, MirrMurr's ghost, novice GnWr
D:7 2 transporters, incide's ghost, novice GnWn Bailey 3 runed translucent doors


Innate Abilities, Weirdness & Mutations

You are immune to sickness and miasma.
Your stone body is resilient. (AC +6)
You are immune to poison.
You resist negative energy. (rN+)
You are resistant to electric shocks. (rElec)
You are resistant to unholy torment.
You are immune to petrification.


Message History

Aim: an orc, wielding a +0 hand axe and wearing a +0 leather armour (strong, 85% to hit)
The blast of sand hits the orc.
The orc is heavily wounded.
The orc closely misses you. You block the orc knight's attack.
You block the orc's attack.
Casting: Sandblast (safe; 1% risk of failure)
Confirm with . or Enter, or press ? or * to list all spells.
Aiming: Sandblast (safe; 1% risk of failure)
Press: ? - help, Shift-Dir - straight line, f/p - orc
Aim: an orc, wielding a +0 hand axe and wearing a +0 leather armour (heavily wounded, strong, 85% to hit)
The blast of sand hits the orc!
You kill the orc!
Vehumet accepts your kill.
The orc knight hits you with a +0 war axe! x2
* * * LOW HITPOINT WARNING * * *
The orc knight hits you with a +0 war axe!
* * * LOW HITPOINT WARNING * * *
The orc knight attacks as it pursues you!
You block the orc knight's attack.
The orc knight attacks as it pursues you!
The orc knight closely misses you.
Things that are here:
a boomerang; a kobold skeleton The orc knight attacks as it pursues you!
You block the orc knight's attack.
The orc knight attacks as it pursues you!
The orc knight hits you but does no damage.
The orc knight attacks as it pursues you!
The orc knight misses you.
Your magical contamination has completely faded away.
You hit the orc knight.
The orc knight is lightly wounded.
The orc knight hits you but does no damage.
The orc knight hits you with a +0 war axe!
* * * LOW HITPOINT WARNING * * *
The orc knight attacks as it pursues you!
The orc knight barely misses you.
You feel yourself speed up.
The orc knight hits you with a +0 war axe!
You die...

♣♣♣ ♣♣♣∩♣♣♣
###♣♣♣.....♣♣♣#####
..##.........##...##
...##.......##..@..##
....##~~~~~##...ßo..##
.ß...#~~~~~#.........##
.....#~~~~~#).........#
..(..($...))..).ß..ß..#≈≈♣
.....#########....(...#≈≈♣
..#### ~~~##......##≈≈♣
..#o~#~.. ..|~#.....##...♣
g.#~..... ..?~#....##....♣


You could see an orc knight.

Vanquished Creatures
  5 yaks
  3 orc warriors
  3 ice beasts
  2 black bears (D:5)
  3 ogres (D:6)
  A kobold brigand (D:7)
  A bullfrog (D:7)
  A gnoll sergeant (D:7)
  3 scorpions
  5 wights (D:7)
  A howler monkey (D:7)
  4 electric eels (D:7)
  2 bombardier beetles
  A jelly (D:4)
  A gnoll bouda (D:7)
  2 orc priests
  5 hounds
  3 orc wizards (D:7)
  2 iguanas
  7 gnolls
  4 adders
  3 white imps
  2 ufetubi (D:7)
  19 orcs
  8 ball pythons
  2 endoplasms (D:4)
  2 giant cockroaches
  21 goblins
  6 hobgoblins
  2 jackals (D:1)
  22 kobolds
  4 quokkas
  7 bats
  2 frilled lizards (D:1)
  5 rats
164 creatures vanquished.

Vanquished Creatures (others)
  An orc wizard (D:7)
  A shadow imp (D:7)
2 creatures vanquished.

Grand Total: 166 creatures vanquished

Notes
Turn   | Place    | Note
-------+----------+-------------------------------------------
     0 | D:1      | Autsider the Gargoyle Earth Elementalist began the quest
                  | for the Orb.
     0 | D:1      | Reached XP level 1. HP: 10/10 MP: 3/3
   207 | D:1      | Reached XP level 2. HP: 16/16 MP: 1/5
   308 | D:1      | Reached skill level 4 in Earth Magic
   628 | D:1      | Reached skill level 1 in Fighting
   959 | D:2      | Reached XP level 3. HP: 20/20 MP: 2/6
  1006 | D:2      | Learned a level 3 spell: Stone Arrow
  1704 | D:3      | Reached XP level 4. HP: 25/25 MP: 5/7
  1822 | D:3      | Found a hazy altar of Hepliaklqana.
  1893 | D:3      | Reached skill level 5 in Earth Magic
  2237 | D:3      | Found a stormy altar of Qazlal.
  2457 | D:4      | Found a bloodstained altar of Trog.
  2515 | D:4      | Noticed a scorpion
  2529 | D:4      | Killed a scorpion
  2530 | D:4      | Reached XP level 5. HP: 31/31 MP: 0/8
  2688 | D:4      | Reached skill level 6 in Earth Magic
  2930 | D:4      | Reached XP level 6. HP: 36/36 MP: 5/9
  3315 | D:5      | Entered Level 5 of the Dungeon
  3387 | D:5      | Noticed an ice beast
  3416 | D:5      | Killed an ice beast
  3649 | D:5      | Found a runed translucent gate.
  3720 | D:5      | Noticed MirrMurr's ghost (novice GnWr)
  3746 | D:5      | Found a runed translucent gate.
  3746 | D:5      | Found a runed translucent gate.
  3764 | D:5      | Reached skill level 7 in Earth Magic
  3764 | D:5      | Reached XP level 7. HP: 33/41 MP: 3/10
  3898 | D:5      | Reached skill level 8 in Earth Magic
  4085 | D:5      | Found an ancient bone altar of Kikubaaqudgha.
  4468 | D:6      | Reached XP level 8. HP: 30/48 MP: 8/11
  4542 | D:6      | Reached skill level 5 in Conjurations
  4600 | D:6      | Reached skill level 5 in Fighting
  4600 | D:6      | Reached skill level 9 in Earth Magic
  4767 | D:6      | Found Nistaed's Assorted Antiques.
  4784 | D:6      | Identified a scroll of acquirement
  4784 | D:6      | Acquired the staff "Rutoeh" {rN+ Dex+4 Stlth+ Conj}
  5339 | D:6      | Found a shadowy altar of Dithmenos.
  5576 | D:7      | Noticed a yak
  5577 | D:7      | Noticed a yak
  5578 | D:7      | Noticed a yak
  5579 | D:7      | Noticed a yak
  5579 | D:7      | Noticed a yak
  5582 | D:7      | Killed a yak
  5583 | D:7      | Reached skill level 10 in Earth Magic
  5644 | D:6      | Killed a yak
  5645 | D:6      | Reached XP level 9. HP: 28/55 MP: 2/12
  6006 | D:7      | Reached skill level 11 in Earth Magic
  6031 | D:7      | Found a staircase to the Ecumenical Temple.
  6044 | Temple   | Entered the Ecumenical Temple
  6052 | Temple   | Became a worshipper of Vehumet
  6132 | D:7      | Reached skill level 1 in Armour
  6177 | D:7      | Found a hide-covered altar of Uskayaw.
  6213 | D:7      | Found a transporter.
  6217 | D:7      | Found a transporter.
  6221 | D:7      | Noticed incide's ghost (novice GnWn)
  6222 | D:7      | Noticed a two-headed ogre
  6223 | D:7      | Found a bloodstained altar of Trog.
  6300 | D:7      | Noticed a moth of wrath
  6443 | D:7      | Found a sacrificial altar of Ru.
  6611 | D:7      | Learned a level 5 spell: Lee's Rapid Deconstruction
  6635 | D:8      | Found a flagged portal.
  6656 | Bailey   | Entered a bailey
  6661 | Bailey   | Noticed an orc warlord
  6687 | Bailey   | Reached * piety under Vehumet
  6687 | Bailey   | Offered knowledge of Freeze by Vehumet.
  6835 | Bailey   | Found a runed translucent gate.
  6838 | Bailey   | Found a runed translucent gate.
  6840 | Bailey   | Found a runed translucent gate.
  6847 | Bailey   | Noticed an orc knight
  6934 | Bailey   | Slain by an orc knight

Illustrated notes

Levels and vault maps discovered:
D:1:      psy_arrival_conway, layout_rooms
D:2:      layout_loops_ring
D:3:      layout_rooms, general_overflow_altar, grunt_qazlal_clouds,
          ebering_dispersal_statue_hall
D:4:      layout_loops_corners, kennysheep_mini
D:5:      layout_cave_pods, mainiacjoe_overflow_boulevard, gammafunk_ghost_icy
D:6:      layout_basic, nicolae_dithmenos_shadow_blocks, hangedman_decor_lopped,
          nicolae_stop_n_shop_1, minmay_ogre_servants
D:7:      layout_rooms, kennysheep_mini_moat, nicolae_uskayaw_suspiria,
          minmay_temple_entry_overgrown, gammafunk_ghost_wrathful_warriors,
          chequers_serial_rivers_micro_e, chequers_serial_rivers_large_b,
          serial_bayou_lagoon_b
D:8:      layout_rooms, marbit_many_paths, enter_bailey_5, uniq_erica
Temple:   hellmonk_temple_rainy
Bailey:   bailey_axe_bossmonster_kennysheep, bailey

Skill      XL: |  1  2  3  4  5  6  7  8  9 |
---------------+----------------------------+-----
Earth Magic    | 4 5 6 7 8 10 11 | 11.4
Fighting       | 1 2 3 4 6 7 |  7.1
Conjurations   | 2 3 4 6 7 |  7.3
Dodging        | 2 |  2.7
Armour         | 2 |  2.3
Stealth        | |  2.1
Spellcasting   | |  2.2

Action                     |  1- 3 |  4- 6 |  7- 9 || total
---------------------------+-------+-------+-------++-------
  Melee: Whip              |     8 |    29 |       ||    37
         Staff             |       |       |     5 ||     5
   Cast: Sandblast         |    55 |    48 |   156 ||   259
         Stone Arrow       |       |     4 |    25 ||    29
         Lee's Rapid Decon |       |       |     2 ||     2
  Evoke: Wand              |       |       |     1 ||     1
    Use: Scroll            |     1 |     8 |     7 ||    16
         Potion            |       |       |     2 ||     2
 Armour: Robe              |    21 |    20 |    61 ||   102
         Leather armour    |       |       |    36 ||    36
  Dodge: Dodged            |    19 |    46 |    97 ||   162
  Block: Buckler           |       |       |    14 ||    14

Table legend: (Time is in decaauts)
 A = Elapsed time spent in this place.
 B = Non-inter-level travel time spent in this place.
 C = Inter-level travel time spent in this place.
 D = Time resting spent in this place.
 E = Time spent auto-exploring this place.
 F = Levels seen in this place.
 G = Mean time per level.
                   A        B        C        D        E       F      G
               +--------+--------+--------+--------+--------+-----+--------+
         Total |   7104 |   6729 |    375 |     55 |   5493 |  10 |  710.4 |
       Dungeon |   6789 |   6429 |    360 |     55 |   5351 |   8 |  848.6 |
        Temple |     16 |      1 |     15 |      0 |      0 |   1 |   16.0 |
        Bailey |    298 |    298 |      0 |      0 |    142 |   1 |  298.0 |
               +--------+--------+--------+--------+--------+-----+--------+

Top non-repeatable levels by time:
     D:6: 1194 daAuts
     D:5: 1162 daAuts
     D:7: 1043 daAuts
     D:4: 1014 daAuts
     D:2: 961 daAuts
     D:1: 756 daAuts
     D:3: 633 daAuts
  Bailey: 298 daAuts
     D:8: 23 daAuts
  Temple: 16 daAuts
